NULL
Full Scoreboard »»

Islanders vs Stars

Created - February 20, 2024 at 23:23

Goals
1 2 3 T
Islanders 2 1 2 5
Stars 1 0 2 3
Shots
1 2 3 T
Islanders 11 13 11 35
Stars 10 13 10 33

GoalsPenalties
1st period
1. Islanders , Chandler Stephenson 11 (Nick Schmaltz 16, Kyle Okposo 1) at 3:24
2. Stars , Connor Brown 11 (David Krejci 27, Justin Braun 9) at 9:36
3. Islanders , Barrett Hayton 8 (Brady Skjei 18, Nick Schmaltz 17) at 17:33
Marcus Foligno (DAL) for Fighting (Major) at 9:58
Kyle Okposo (NYI) for Fighting (Major) at 9:58
Marcus Foligno (DAL) for instigated a fight (Minor) at 9:58
Marcus Foligno (DAL) for instigated a fight (10 Minutes Misconduct) at 9:58
2nd period
4. Islanders , Boone Jenner 14 (David Perron 22, Anders Lee 21) at 7:23
Jacob Trouba (NYI) for High sticking (Minor) at 14:41
Alex Killorn (DAL) for Fighting (Major) at 17:36
Anders Lee (NYI) for Fighting (Major) at 17:36
Derek Grant (DAL) for Interference (Minor) at 18:50
3rd period
5. Islanders , Jesper Bratt 19 (Brady Skjei 19) at 0:08 (PP)
6. Stars , Alex Killorn 16 (Joel Eriksson Ek 25) at 8:30
7. Islanders , Brock Nelson 15 (Anders Lee 22) at 10:28 (SH)
8. Stars , Joe Thornton 5 (Henri Jokiharju 9, Justin Braun 10) at 12:43
David Perron (NYI) for Roughing (Minor) at 10:17
Luke Kunin (DAL) for Hooking (Minor) at 18:18
Goalie Stats
Karel Vejmelka (NYI), 30 saves from 33 shots - (0.909), W, 19-16-0, 60:00 minutes
Cam Talbot (DAL), 30 saves from 35 shots - (0.857), L, 14-21-4, 60:00 minutes
3 StarsOfficial
1 - Brock Nelson (NYI)
2 - Barrett Hayton (NYI)
3 - Connor Brown (DAL)
Referees : Unknown
Linesman : Unknown
Game Note
Marcus Foligno beats up Kyle Okposo at 9:58 of 1st period
Anders Lee beats up Alex Killorn at 17:36 of 2nd period
1:52 of 3rd period - Penalty Shot by Brian Dumoulin for Stars - Shot Misses the Net
8:30 of 3rd period - Stars goal is going for a video replay. After video review, Goal.



Team Name Goals Shots Shots Attemp Shots Blocked PIM HIT PP PK FO%
Islanders 535571414221 / 4 (25%)041%
Stars 33367826240 / 1 (0%)159%

Islanders
Player Name POS G A P +/- PIM HIT SHT SB MP PP MP PP SHT PK MP PK SHT FO% FOT GA TA
Adam FantilliC000-100006:320:2500:0000% 200
Anders LeeC/LW/RW0220511017:302:0201:5900% 102
Barrett HaytonC1011011218:210:0000:000100% 100
Boone JennerC/LW/RW1010002117:272:4000:0000% 203
Bowen ByramD0001023321:362:4712:2100% 010
Brady SkjeiD0220001123:232:1101:5100% 003
Brock NelsonC/LW/RW1011035119:212:3311:58275% 1200
Chandler StephensonC/LW1011008114:510:0000:0700% 010
Clayton KellerC/LW/RW000-1002018:422:1811:59024% 2110
David PerronLW/RW0110214217:112:3310:0000% 011
Dysin MayoD0000001215:590:0000:4400% 011
Jacob TroubaD0000260022:362:1100:5300% 001
Jesper BrattLW/RW101-1014018:312:1611:53060% 500
Kyle OkposoLW/RW0111560013:250:0000:0000% 100
Nick BoninoC/LW/RW000001007:160:0000:0000% 000
Nick SchmaltzC/LW/RW0221001014:390:0700:00044% 1831
Patrik NemethD0001001121:222:4702:0700% 002
Tyler JohnsonC/LW/RW000000107:160:0000:0000% 000
Stars
Player Name POS G A P +/- PIM HIT SHT SB MP PP MP PP SHT PK MP PK SHT FO% FOT GA TA
Alex KillornC/LW/RW101-1513119:501:5501:49050% 400
Andy GreeneD000-3002019:312:0202:0500% 000
Brian DumoulinD0001021124:341:5602:5300% 000
Colby BarlowLW000-1013114:340:0000:0000% 000
Connor BrownLW/RW1011041018:402:0302:3200% 010
Connor McMichaelC/LW/RW000001008:490:0000:130100% 120
David KrejciC/RW0111013016:062:0300:00071% 1410
Derek GrantC/LW/RW000021007:390:0000:0000% 000
Henri JokiharjuD0111010115:550:0000:0000% 011
Jack JohnsonD000-3000019:312:0202:0500% 001
Joe ThorntonC/LW/RW101000107:400:0000:0000% 000
Joel Eriksson EkC/LW/RW011-1013019:141:5502:24057% 2810
Justin BraunD0221011115:550:0000:0000% 002
Luke KuninC/LW/RW000-1224015:150:0000:39033% 310
Marcus FolignoC/LW/RW000-11722112:070:0000:00058% 1220
Miro HeiskanenD0001013124:341:5602:5300% 033
Oliver BjorkstrandLW/RW000-1033119:091:5502:1900% 121
Owen TippettLW/RW0001023015:542:0300:0000% 000

Islanders

5 vs 5 Forward
Line #Left WingCenterRight WingPHYDFOFWanted %Time %Time Play
1Jesper BrattClayton KellerAnders Lee1223028%14:25
2Boone JennerBrock NelsonDavid Perron1223029%14:51
3Chandler StephensonNick SchmaltzKyle Okposo1223028%14:32
4Nick BoninoBarrett HaytonTyler Johnson1221014%7:16
5 vs 5 Defense
Line #DefenseDefensePHYDFOFWanted %Time %Time Play
1Jacob TroubaBrady Skjei1223030%15:28
2Bowen ByramPatrik Nemeth1223032%16:16
3Dysin MayoBarrett Hayton1223030%15:15
4Jacob TroubaBrady Skjei122108%4:05
Power Play Forward
Line #Left WingCenterRight WingPHYDFOFWanted %Time %Time Play
1Jesper BrattClayton KellerAnders Lee1225046%2:18
2Boone JennerBrock NelsonDavid Perron1225054%2:40
Power Play Defense
Line #DefenseDefensePHYDFOFWanted %Time %Time Play
1Jacob TroubaBrady Skjei1225044%2:11
2Bowen ByramPatrik Nemeth1225056%2:47
Penalty Kill 4 Players Forward
Line #CenterWingPHYDFOFWanted %Time %Time Play
1Jesper BrattClayton Keller1225050%1:59
2Anders LeeBrock Nelson1225050%1:59
Penalty Kill 4 Players Defense
Line #DefenseDefensePHYDFOFWanted %Time %Time Play
1Jacob TroubaBrady Skjei1225054%2:09
2Bowen ByramPatrik Nemeth1225046%1:49
Penalty Kill 3 Players
Line #WingPHYDFOFWanted %Time %Time PlayDefenseDefensePHYDFOFWanted %Time %Time Play
1Jesper Bratt122500%0:00 Jacob TroubaBrady Skjei122500%0:00
2Clayton Keller122500%0:00 Bowen ByramPatrik Nemeth122500%0:00
4 vs 4 Forward
Line #CenterWingPHYDFOFWanted %Time %Time Play
1Jesper BrattClayton Keller122500%0:00
2Anders LeeBrock Nelson122500%0:00
4 vs 4 Defense
Line #DefensePHYDFOFWanted %Time %Time Play
1Jacob TroubaBrady Skjei122500%0:00
2Bowen ByramPatrik Nemeth122500%0:00
Last Minutes Offensive
Left WingCenterRight WingDefenseDefense
Jesper BrattClayton KellerAnders LeeJacob TroubaBrady Skjei
Last Minutes Defensive
Left WingCenterRight WingDefenseDefense
Jesper BrattClayton KellerAnders LeeJacob TroubaBrady Skjei
Time
Total ForwardTotal DefenseLast Minutes OffensiveLast Minutes Defensive
60:00 60:00 0:000:00
Extra Forwards
Normal PowerPlayPenalty Kill
Adam Fantilli, Nick Schmaltz, Chandler StephensonAdam Fantilli, Nick SchmaltzChandler Stephenson
Extra Defensemen
Normal PowerPlayPenalty Kill
Dysin Mayo, Bowen Byram, Patrik NemethDysin Mayo, Bowen ByramPatrik Nemeth
Penalty Shots
Jesper Bratt, Clayton Keller, Anders Lee, Brock Nelson, Boone Jenner
Goalie
Karel Vejmelka, Joseph Woll
Custom OT Lines Forwards
Jesper Bratt, Clayton Keller, Anders Lee, Brock Nelson, Boone Jenner, David Perron, Nick Schmaltz, Chandler Stephenson, Barrett Hayton, Adam Fantilli
Custom OT Lines Defensemen
Jacob Trouba, Brady Skjei, Bowen Byram, Patrik Nemeth, Dysin Mayo
Scratches
Barclay Goodrow (Healthy), Kyle Capobianco (Healthy), Lars Eller (Healthy)

Stars

5 vs 5 Forward
Line #Left WingCenterRight WingPHYDFOFWanted %Time %Time Play
1Oliver BjorkstrandJoel Eriksson EkAlex Killorn1223029%14:55
2Connor BrownDavid KrejciOwen Tippett1223027%13:55
3Colby BarlowMarcus FolignoLuke Kunin1223029%14:34
4Derek GrantJoe ThorntonConnor McMichael1221015%7:40
5 vs 5 Defense
Line #DefenseDefensePHYDFOFWanted %Time %Time Play
1Miro HeiskanenBrian Dumoulin1223030%15:30
2Andy GreeneJack Johnson1223030%15:24
3Henri JokiharjuJustin Braun1223031%15:55
4Miro HeiskanenBrian Dumoulin122108%4:15
Power Play Forward
Line #Left WingCenterRight WingPHYDFOFWanted %Time %Time Play
1Oliver BjorkstrandJoel Eriksson EkAlex Killorn1225048%1:55
2Connor BrownDavid KrejciOwen Tippett1225052%2:03
Power Play Defense
Line #DefenseDefensePHYDFOFWanted %Time %Time Play
1Miro HeiskanenBrian Dumoulin1225049%1:56
2Andy GreeneJack Johnson1225051%2:02
Penalty Kill 4 Players Forward
Line #CenterWingPHYDFOFWanted %Time %Time Play
1Joel Eriksson EkOliver Bjorkstrand1225048%2:24
2Alex KillornConnor Brown1225052%2:34
Penalty Kill 4 Players Defense
Line #DefenseDefensePHYDFOFWanted %Time %Time Play
1Miro HeiskanenBrian Dumoulin1225058%2:53
2Andy GreeneJack Johnson1225042%2:05
Penalty Kill 3 Players
Line #WingPHYDFOFWanted %Time %Time PlayDefenseDefensePHYDFOFWanted %Time %Time Play
1Joel Eriksson Ek122500%0:00 Miro HeiskanenBrian Dumoulin122500%0:00
2Oliver Bjorkstrand122500%0:00 Andy GreeneJack Johnson122500%0:00
4 vs 4 Forward
Line #CenterWingPHYDFOFWanted %Time %Time Play
1Joel Eriksson EkOliver Bjorkstrand122500%0:00
2Alex KillornConnor Brown122500%0:00
4 vs 4 Defense
Line #DefensePHYDFOFWanted %Time %Time Play
1Miro HeiskanenBrian Dumoulin122500%0:00
2Andy GreeneJack Johnson122500%0:00
Last Minutes Offensive
Left WingCenterRight WingDefenseDefense
Oliver BjorkstrandJoel Eriksson EkAlex KillornMiro HeiskanenBrian Dumoulin
Last Minutes Defensive
Left WingCenterRight WingDefenseDefense
Oliver BjorkstrandJoel Eriksson EkAlex KillornMiro HeiskanenBrian Dumoulin
Time
Total ForwardTotal DefenseLast Minutes OffensiveLast Minutes Defensive
60:00 60:00 0:000:00
Extra Forwards
Normal PowerPlayPenalty Kill
Marcus Foligno, Colby Barlow, Luke KuninMarcus Foligno, Colby BarlowLuke Kunin
Extra Defensemen
Normal PowerPlayPenalty Kill
Henri Jokiharju, Justin Braun, Andy GreeneHenri Jokiharju, Justin BraunAndy Greene
Penalty Shots
Joel Eriksson Ek, Oliver Bjorkstrand, Alex Killorn, Connor Brown, Owen Tippett
Goalie
Cam Talbot, Martin Jones
Custom OT Lines Forwards
Joel Eriksson Ek, Oliver Bjorkstrand, Alex Killorn, Connor Brown, Owen Tippett, David Krejci, Marcus Foligno, Colby Barlow, Luke Kunin, Joe Thornton
Custom OT Lines Defensemen
Miro Heiskanen, Brian Dumoulin, Andy Greene, Jack Johnson, Henri Jokiharju
Scratches
Andrew Gibson (Healthy), Fabian Lysell (Healthy)


Play-by-Play

1st period


0:01 of 1st period - Alex Killorn wins face-off versus Clayton Keller in neutral zone.
0:26 of 1st period - Icing by Brock Nelson.
0:27 of 1st period - Brock Nelson wins face-off versus David Krejci in Islanders zone.
0:34 of 1st period - Wrist shot by Brock Nelson.
0:34 of 1st period - Stopped by Cam Talbot without a rebound.
0:35 of 1st period - Marcus Foligno wins face-off versus Nick Schmaltz in Stars zone.
0:42 of 1st period - Snap shot by Chandler Stephenson.
0:42 of 1st period - Stopped by Cam Talbot without a rebound.
0:43 of 1st period - Marcus Foligno wins face-off versus Nick Schmaltz in Stars zone.
1:24 of 1st period - Joe Thornton is hit by Bowen Byram and loses puck.
1:37 of 1st period - David Perron is hit by Henri Jokiharju and loses puck.
1:54 of 1st period - Owen Tippett is hit by Kyle Okposo and loses puck.
2:18 of 1st period - Snap shot by Owen Tippett.
2:18 of 1st period - Stopped by Karel Vejmelka without a rebound.
2:19 of 1st period - Clayton Keller wins face-off versus Joel Eriksson Ek in Islanders zone.
2:53 of 1st period - Snap shot by Joel Eriksson Ek.
2:53 of 1st period - Shot Blocked by Patrik Nemeth.
3:08 of 1st period - Off-side.
3:09 of 1st period - Marcus Foligno wins face-off versus Nick Schmaltz in neutral zone.
3:09 of 1st period - Marcus Foligno is hit by Kyle Okposo.
3:22 of 1st period - Snap shot by Nick Schmaltz.
3:22 of 1st period - Deflect By Chandler Stephenson.
3:22 of 1st period - Stopped by Cam Talbot with a rebound.
3:24 of 1st period - Snap shot by Chandler Stephenson.
3:24 of 1st period - Goal by Chandler Stephenson - Islanders : 1 - Stars : 0.
3:25 of 1st period - Marcus Foligno wins face-off versus Clayton Keller in neutral zone.
3:28 of 1st period - Jesper Bratt is hit by Luke Kunin and loses puck.
3:41 of 1st period - Wrist shot by Clayton Keller.
3:41 of 1st period - Deflect By Anders Lee.
3:41 of 1st period - Shot Blocked by Marcus Foligno.
3:41 of 1st period - Puck is out of play.
3:42 of 1st period - Joel Eriksson Ek wins face-off versus Brock Nelson in Stars zone.
3:42 of 1st period - Joel Eriksson Ek is hit by Brock Nelson.
4:35 of 1st period - Slapshot by Nick Schmaltz.
4:35 of 1st period - Shot Misses the Net.
5:44 of 1st period - Snap shot by David Perron.
5:44 of 1st period - Deflect By Brock Nelson.
5:44 of 1st period - Stopped by Cam Talbot without a rebound.
5:45 of 1st period - Brock Nelson wins face-off versus Marcus Foligno in Stars zone.
6:16 of 1st period - Snap shot by Joel Eriksson Ek.
6:16 of 1st period - Stopped by Karel Vejmelka without a rebound.
6:17 of 1st period - Joel Eriksson Ek wins face-off versus Jesper Bratt in Islanders zone.
6:40 of 1st period - Oliver Bjorkstrand is hit by Jacob Trouba and loses puck.
6:45 of 1st period - Snap shot by Jesper Bratt.
6:45 of 1st period - Shot Blocked by Justin Braun.
6:47 of 1st period - Backhand shot by Jacob Trouba.
6:47 of 1st period - Deflect By Jesper Bratt.
6:47 of 1st period - Shot Blocked by Oliver Bjorkstrand.
6:47 of 1st period - Puck is out of play.
6:48 of 1st period - David Krejci wins face-off versus Adam Fantilli in Stars zone.
6:55 of 1st period - Wrist shot by Owen Tippett.
6:55 of 1st period - Stopped by Karel Vejmelka with a rebound.
7:37 of 1st period - Snap shot by Jesper Bratt.
7:37 of 1st period - Shot Misses the Net.
9:20 of 1st period - Snap shot by David Krejci.
9:20 of 1st period - Stopped by Karel Vejmelka without a rebound.
9:21 of 1st period - David Krejci wins face-off versus Boone Jenner in Islanders zone.
9:24 of 1st period - Wrist shot by Owen Tippett.
9:24 of 1st period - Shot Misses the Net.
9:26 of 1st period - Backhand shot by Justin Braun.
9:26 of 1st period - Shot Blocked by David Perron.
9:28 of 1st period - Wrist shot by Connor Brown.
9:28 of 1st period - Shot Misses the Net.
9:30 of 1st period - Snap shot by David Krejci.
9:30 of 1st period - Stopped by Karel Vejmelka with a rebound.
9:32 of 1st period - Slapshot by Connor Brown.
9:32 of 1st period - Shot Misses the Net.
9:34 of 1st period - Snap shot by David Krejci.
9:34 of 1st period - Shot Blocked by Brock Nelson.
9:36 of 1st period - Wrist shot by Connor Brown.
9:36 of 1st period - Goal by Connor Brown - Islanders : 1 - Stars : 1.
9:37 of 1st period - Luke Kunin wins face-off versus Kyle Okposo in neutral zone.
9:37 of 1st period - Luke Kunin is hit by Kyle Okposo.
9:41 of 1st period - Slapshot by Andy Greene.
9:41 of 1st period - Shot Blocked by Chandler Stephenson.
9:43 of 1st period - Slapshot by Andy Greene.
9:43 of 1st period - Stopped by Karel Vejmelka without a rebound.
9:44 of 1st period - Marcus Foligno wins face-off versus Nick Schmaltz in Islanders zone.
9:53 of 1st period - Snap shot by Colby Barlow.
9:53 of 1st period - Stopped by Karel Vejmelka with a rebound.
9:58 of 1st period - Marcus Foligno beats up Kyle Okposo.
9:58 of 1st period - Penalty to Marcus Foligno for Fighting.
9:58 of 1st period - Penalty to Kyle Okposo for Fighting.
9:58 of 1st period - Penalty to Marcus Foligno for instigated a fight.
9:58 of 1st period - Penalty to Marcus Foligno for instigated a fight.
9:59 of 1st period - Clayton Keller wins face-off versus Joel Eriksson Ek in neutral zone.
10:02 of 1st period - Joel Eriksson Ek is hit by Anders Lee and loses puck.
11:58 of 1st period - Penalty to Marcus Foligno is over, Connor Brown is send on ice.
12:07 of 1st period - Derek Grant is hit by Nick Bonino and loses puck.
12:16 of 1st period - Snap shot by Joe Thornton.
12:16 of 1st period - Shot Blocked by Dysin Mayo.
13:05 of 1st period - Luke Kunin is hit by Jacob Trouba.
13:28 of 1st period - Boone Jenner is hit by Brian Dumoulin and loses puck.
13:53 of 1st period - Chandler Stephenson is hit by Luke Kunin.
14:25 of 1st period - Andy Greene is hit by Barrett Hayton and loses puck.
14:49 of 1st period - Icing by Barrett Hayton.
14:50 of 1st period - Nick Schmaltz wins face-off versus Alex Killorn in Islanders zone.
15:05 of 1st period - Wrist shot by Connor McMichael.
15:05 of 1st period - Shot Misses the Net.
15:07 of 1st period - Slapshot by Derek Grant.
15:07 of 1st period - Shot Blocked by Barrett Hayton.
15:09 of 1st period - Slapshot by Brian Dumoulin.
15:09 of 1st period - Stopped by Karel Vejmelka with a rebound.
15:25 of 1st period - Slapshot by Clayton Keller.
15:25 of 1st period - Stopped by Cam Talbot without a rebound.
15:26 of 1st period - David Krejci wins face-off versus Clayton Keller in Stars zone.
15:28 of 1st period - Icing by Connor Brown.
15:29 of 1st period - Clayton Keller wins face-off versus David Krejci in Stars zone.
15:38 of 1st period - Wrist shot by Jesper Bratt.
15:38 of 1st period - Stopped by Cam Talbot with a rebound.
15:46 of 1st period - Wrist shot by David Krejci.
15:46 of 1st period - Stopped by Karel Vejmelka without a rebound.
15:47 of 1st period - Brock Nelson wins face-off versus Joel Eriksson Ek in Islanders zone.
16:02 of 1st period - Snap shot by Joel Eriksson Ek.
16:02 of 1st period - Shot Misses the Net.
16:14 of 1st period - Nick Schmaltz is hit by Alex Killorn and loses puck.
16:21 of 1st period - Slapshot by Bowen Byram.
16:21 of 1st period - Stopped by Cam Talbot without a rebound.
16:22 of 1st period - David Krejci wins face-off versus Clayton Keller in Stars zone.
16:27 of 1st period - Connor Brown is hit by Jacob Trouba and loses puck.
16:36 of 1st period - Snap shot by Anders Lee.
16:36 of 1st period - Shot Misses the Net.
16:38 of 1st period - Slapshot by Jacob Trouba.
16:38 of 1st period - Shot Blocked by Henri Jokiharju.
17:33 of 1st period - Wrist shot by Barrett Hayton.
17:33 of 1st period - Goal by Barrett Hayton - Islanders : 2 - Stars : 1.
17:34 of 1st period - Joel Eriksson Ek wins face-off versus Clayton Keller in neutral zone.
17:41 of 1st period - Slapshot by Clayton Keller.
17:41 of 1st period - Shot Misses the Net.
17:46 of 1st period - Off-side.
17:47 of 1st period - Brock Nelson wins face-off versus Oliver Bjorkstrand in neutral zone.
17:58 of 1st period - Slapshot by David Perron.
17:58 of 1st period - Stopped by Cam Talbot with a rebound.
18:38 of 1st period - Snap shot by Jesper Bratt.
18:38 of 1st period - Shot Blocked by Brian Dumoulin.
18:40 of 1st period - Snap shot by Bowen Byram.
18:40 of 1st period - Stopped by Cam Talbot without a rebound.
18:41 of 1st period - Jesper Bratt wins face-off versus Alex Killorn in Stars zone.
19:30 of 1st period - Kyle Okposo is hit by Derek Grant and loses puck.
19:37 of 1st period - Brian Dumoulin is hit by Kyle Okposo and loses puck.
Goals for this period are 2 for Islanders vs 1 for Stars.
Shots for this period are 11 for Islanders vs 10 for Stars.

2nd period


0:01 of 2nd period - Brock Nelson wins face-off versus Joel Eriksson Ek in neutral zone.
1:25 of 2nd period - Slapshot by Brady Skjei.
1:25 of 2nd period - Stopped by Cam Talbot with a rebound.
1:27 of 2nd period - Wrist shot by Barrett Hayton.
1:27 of 2nd period - Shot Blocked by Miro Heiskanen.
1:29 of 2nd period - Snap shot by Tyler Johnson.
1:29 of 2nd period - Stopped by Cam Talbot with a rebound.
2:56 of 2nd period - Slapshot by Jesper Bratt.
2:56 of 2nd period - Stopped by Cam Talbot with a rebound.
3:27 of 2nd period - Off-side.
3:28 of 2nd period - Connor McMichael wins face-off versus Nick Schmaltz in neutral zone.
4:34 of 2nd period - Justin Braun is hit by David Perron and loses puck.
4:55 of 2nd period - Slapshot by David Perron.
4:55 of 2nd period - Shot Misses the Net.
4:57 of 2nd period - Snap shot by Bowen Byram.
4:57 of 2nd period - Deflect By Chandler Stephenson.
4:57 of 2nd period - Stopped by Cam Talbot with a rebound.
4:58 of 2nd period - 10 Minutes Misconduct Penalty to Marcus Foligno is over.
5:43 of 2nd period - Snap shot by Chandler Stephenson.
5:43 of 2nd period - Stopped by Cam Talbot with a rebound.
5:45 of 2nd period - Slapshot by Patrik Nemeth.
5:45 of 2nd period - Deflect By Andy Greene.
5:45 of 2nd period - Stopped by Cam Talbot with a rebound.
6:21 of 2nd period - Slapshot by Luke Kunin.
6:21 of 2nd period - Shot Misses the Net.
6:33 of 2nd period - Wrist shot by Owen Tippett.
6:33 of 2nd period - Stopped by Karel Vejmelka with a rebound.
7:03 of 2nd period - Slapshot by Luke Kunin.
7:03 of 2nd period - Stopped by Karel Vejmelka with a rebound.
7:05 of 2nd period - Wrist shot by Marcus Foligno.
7:05 of 2nd period - Shot Misses the Net.
7:07 of 2nd period - Slapshot by Marcus Foligno.
7:07 of 2nd period - Shot Misses the Net.
7:09 of 2nd period - Wrist shot by Colby Barlow.
7:09 of 2nd period - Stopped by Karel Vejmelka with a rebound.
7:21 of 2nd period - Wrist shot by David Perron.
7:21 of 2nd period - Shot Hit the Post.
7:23 of 2nd period - Wrist shot by Boone Jenner.
7:23 of 2nd period - Goal by Boone Jenner - Islanders : 3 - Stars : 1.
7:24 of 2nd period - Joel Eriksson Ek wins face-off versus Nick Schmaltz in neutral zone.
7:27 of 2nd period - Snap shot by Joel Eriksson Ek.
7:27 of 2nd period - Shot Misses the Net.
7:29 of 2nd period - Wrist shot by Oliver Bjorkstrand.
7:29 of 2nd period - Shot Misses the Net.
7:49 of 2nd period - David Perron is hit by Connor Brown and loses puck.
8:28 of 2nd period - Chandler Stephenson is hit by Connor McMichael and loses puck.
8:33 of 2nd period - Slapshot by Miro Heiskanen.
8:33 of 2nd period - Stopped by Karel Vejmelka without a rebound.
8:34 of 2nd period - Joel Eriksson Ek wins face-off versus Boone Jenner in Islanders zone.
8:46 of 2nd period - Icing by Brock Nelson.
8:47 of 2nd period - Brock Nelson wins face-off versus Joel Eriksson Ek in Islanders zone.
8:56 of 2nd period - Wrist shot by David Perron.
8:56 of 2nd period - Shot Misses the Net.
9:22 of 2nd period - Snap shot by Marcus Foligno.
9:22 of 2nd period - Stopped by Karel Vejmelka without a rebound.
9:23 of 2nd period - Nick Schmaltz wins face-off versus Marcus Foligno in Islanders zone.
9:28 of 2nd period - Kyle Okposo is hit by Justin Braun and loses puck.
9:43 of 2nd period - Snap shot by Colby Barlow.
9:43 of 2nd period - Stopped by Karel Vejmelka with a rebound.
9:45 of 2nd period - Snap shot by Luke Kunin.
9:45 of 2nd period - Stopped by Karel Vejmelka with a rebound.
9:49 of 2nd period - Wrist shot by Luke Kunin.
9:49 of 2nd period - Stopped by Karel Vejmelka without a rebound.
9:50 of 2nd period - Joel Eriksson Ek wins face-off versus Clayton Keller in Islanders zone.
9:55 of 2nd period - Snap shot by Oliver Bjorkstrand.
9:55 of 2nd period - Stopped by Karel Vejmelka with a rebound.
10:46 of 2nd period - Wrist shot by Nick Schmaltz.
10:46 of 2nd period - Stopped by Cam Talbot without a rebound.
10:47 of 2nd period - Joel Eriksson Ek wins face-off versus Clayton Keller in Stars zone.
10:52 of 2nd period - Wrist shot by Anders Lee.
10:52 of 2nd period - Shot Misses the Net.
11:12 of 2nd period - Kyle Okposo is hit by Connor Brown and loses puck.
12:26 of 2nd period - Wrist shot by Oliver Bjorkstrand.
12:26 of 2nd period - Shot Blocked by Dysin Mayo.
12:36 of 2nd period - Barrett Hayton is hit by Miro Heiskanen and loses puck.
12:59 of 2nd period - Snap shot by Anders Lee.
12:59 of 2nd period - Stopped by Cam Talbot without a rebound.
13:00 of 2nd period - Joel Eriksson Ek wins face-off versus Nick Schmaltz in Stars zone.
14:09 of 2nd period - Slapshot by Joel Eriksson Ek.
14:09 of 2nd period - Deflect By Alex Killorn.
14:09 of 2nd period - Stopped by Karel Vejmelka with a rebound.
14:11 of 2nd period - Snap shot by Joel Eriksson Ek.
14:11 of 2nd period - Stopped by Karel Vejmelka without a rebound.
14:12 of 2nd period - Brock Nelson wins face-off versus Joel Eriksson Ek in Islanders zone.
14:39 of 2nd period - Wrist shot by Joel Eriksson Ek.
14:39 of 2nd period - Shot Blocked by David Perron.
14:41 of 2nd period - Minor Penalty to Jacob Trouba for High sticking.
14:42 of 2nd period - David Krejci wins face-off versus Jesper Bratt in Islanders zone.
16:41 of 2nd period - Penalty to Jacob Trouba is over, Jacob Trouba is back on ice.
16:50 of 2nd period - Snap shot by Owen Tippett.
16:50 of 2nd period - Shot Blocked by Bowen Byram.
16:52 of 2nd period - Slapshot by Justin Braun.
16:52 of 2nd period - Deflect By Anders Lee.
16:52 of 2nd period - Stopped by Karel Vejmelka without a rebound.
16:53 of 2nd period - Marcus Foligno wins face-off versus Adam Fantilli in Islanders zone.
17:12 of 2nd period - Snap shot by Colby Barlow.
17:12 of 2nd period - Shot Misses the Net.
17:27 of 2nd period - Off-side.
17:28 of 2nd period - Joel Eriksson Ek wins face-off versus Nick Schmaltz in neutral zone.
17:31 of 2nd period - Wrist shot by Alex Killorn.
17:31 of 2nd period - Stopped by Karel Vejmelka without a rebound.
17:32 of 2nd period - Jesper Bratt wins face-off versus Joel Eriksson Ek in Islanders zone.
17:36 of 2nd period - Anders Lee beats up Alex Killorn.
17:36 of 2nd period - Penalty to Alex Killorn for Fighting.
17:36 of 2nd period - Penalty to Anders Lee for Fighting.
17:37 of 2nd period - Clayton Keller wins face-off versus David Krejci in Islanders zone.
17:37 of 2nd period - Clayton Keller is hit by Brian Dumoulin.
17:49 of 2nd period - Snap shot by Jesper Bratt.
17:49 of 2nd period - Stopped by Cam Talbot without a rebound.
17:50 of 2nd period - Nick Schmaltz wins face-off versus Joel Eriksson Ek in Stars zone.
18:15 of 2nd period - Clayton Keller is hit by David Krejci and loses puck.
18:50 of 2nd period - Minor Penalty to Derek Grant for Interference.
18:51 of 2nd period - Brock Nelson wins face-off versus Luke Kunin in Stars zone.
18:54 of 2nd period - Wrist shot by David Perron.
18:54 of 2nd period - Stopped by Cam Talbot without a rebound.
18:55 of 2nd period - Brock Nelson wins face-off versus Luke Kunin in Stars zone.
19:24 of 2nd period - Boone Jenner is hit by Oliver Bjorkstrand and loses puck.
19:49 of 2nd period - Snap shot by Brock Nelson.
19:49 of 2nd period - Stopped by Cam Talbot with a rebound.
19:53 of 2nd period - Snap shot by David Perron.
19:53 of 2nd period - Shot Misses the Net.
19:55 of 2nd period - Snap shot by Bowen Byram.
19:55 of 2nd period - Stopped by Cam Talbot without a rebound.
19:56 of 2nd period - Joel Eriksson Ek wins face-off versus Clayton Keller in Stars zone.
19:56 of 2nd period - Joel Eriksson Ek is hit by Jacob Trouba.
Goals for this period are 1 for Islanders vs 0 for Stars.
Shots for this period are 13 for Islanders vs 13 for Stars.

3rd period


0:01 of 3rd period - Joel Eriksson Ek wins face-off versus Clayton Keller in neutral zone.
0:04 of 3rd period - Jesper Bratt is hit by Joel Eriksson Ek.
0:08 of 3rd period - Slapshot by Brady Skjei.
0:08 of 3rd period - Deflect By Jesper Bratt.
0:08 of 3rd period - Goal by Jesper Bratt - Islanders : 4 - Stars : 1.
0:09 of 3rd period - Nick Schmaltz wins face-off versus Joel Eriksson Ek in neutral zone.
0:56 of 3rd period - Slapshot by Miro Heiskanen.
0:56 of 3rd period - Stopped by Karel Vejmelka without a rebound.
0:57 of 3rd period - Joel Eriksson Ek wins face-off versus Brock Nelson in Islanders zone.
1:33 of 3rd period - Wrist shot by Clayton Keller.
1:33 of 3rd period - Shot Misses the Net.
1:35 of 3rd period - Snap shot by Dysin Mayo.
1:35 of 3rd period - Stopped by Cam Talbot without a rebound.
1:36 of 3rd period - Nick Schmaltz wins face-off versus Marcus Foligno in Stars zone.
1:52 of 3rd period - Penalty Shot by Brian Dumoulin for Stars.
1:52 of 3rd period - Wrist shot by Brian Dumoulin.
1:52 of 3rd period - Shot Misses the Net.
1:53 of 3rd period - Clayton Keller wins face-off versus Joel Eriksson Ek in Stars zone.
2:25 of 3rd period - Slapshot by Miro Heiskanen.
2:25 of 3rd period - Shot Blocked by Bowen Byram.
2:27 of 3rd period - Slapshot by Miro Heiskanen.
2:27 of 3rd period - Shot Misses the Net.
2:43 of 3rd period - Wrist shot by Joe Thornton.
2:43 of 3rd period - Shot Misses the Net.
2:45 of 3rd period - Slapshot by Jack Johnson.
2:45 of 3rd period - Shot Misses the Net.
2:47 of 3rd period - Slapshot by Andy Greene.
2:47 of 3rd period - Shot Misses the Net.
2:57 of 3rd period - Patrik Nemeth is hit by Oliver Bjorkstrand and loses puck.
3:37 of 3rd period - Off-side.
3:38 of 3rd period - David Krejci wins face-off versus Nick Schmaltz in neutral zone.
3:49 of 3rd period - Slapshot by Connor Brown.
3:49 of 3rd period - Shot Misses the Net.
4:03 of 3rd period - Boone Jenner is hit by Colby Barlow and loses puck.
4:42 of 3rd period - Barrett Hayton is hit by Marcus Foligno and loses puck.
5:18 of 3rd period - Dysin Mayo is hit by Oliver Bjorkstrand.
5:47 of 3rd period - Slapshot by Owen Tippett.
5:47 of 3rd period - Shot Misses the Net.
5:49 of 3rd period - Slapshot by Miro Heiskanen.
5:49 of 3rd period - Stopped by Karel Vejmelka without a rebound.
5:50 of 3rd period - David Krejci wins face-off versus Clayton Keller in Islanders zone.
6:17 of 3rd period - Henri Jokiharju is hit by Kyle Okposo and loses puck.
7:02 of 3rd period - Owen Tippett is hit by Kyle Okposo and loses puck.
7:15 of 3rd period - Wrist shot by David Perron.
7:15 of 3rd period - Stopped by Cam Talbot with a rebound.
7:17 of 3rd period - Wrist shot by David Perron.
7:17 of 3rd period - Stopped by Cam Talbot with a rebound.
7:19 of 3rd period - Slapshot by David Perron.
7:19 of 3rd period - Shot Misses the Net.
7:30 of 3rd period - Off-side.
7:31 of 3rd period - Joel Eriksson Ek wins face-off versus Clayton Keller in neutral zone.
7:40 of 3rd period - Snap shot by Joel Eriksson Ek.
7:40 of 3rd period - Shot Misses the Net.
8:20 of 3rd period - Slapshot by Miro Heiskanen.
8:20 of 3rd period - Shot Blocked by Brady Skjei.
8:22 of 3rd period - Slapshot by Andy Greene.
8:22 of 3rd period - Stopped by Karel Vejmelka with a rebound.
8:24 of 3rd period - Snap shot by Connor Brown.
8:24 of 3rd period - Deflect By David Krejci.
8:24 of 3rd period - Shot Blocked by Boone Jenner.
8:24 of 3rd period - Puck is out of play.
8:25 of 3rd period - Joel Eriksson Ek wins face-off versus Clayton Keller in Islanders zone.
8:28 of 3rd period - Snap shot by Oliver Bjorkstrand.
8:28 of 3rd period - Stopped by Karel Vejmelka without a rebound.
8:29 of 3rd period - Joel Eriksson Ek wins face-off versus Clayton Keller in Islanders zone.
8:30 of 3rd period - Wrist shot by Alex Killorn.
8:30 of 3rd period - Stars goal is going for a video replay.
8:30 of 3rd period - The goal is good.
8:30 of 3rd period - Goal by Alex Killorn - Islanders : 4 - Stars : 2.
8:31 of 3rd period - Nick Schmaltz wins face-off versus Joel Eriksson Ek in neutral zone.
9:23 of 3rd period - Anders Lee is hit by Owen Tippett and loses puck.
9:32 of 3rd period - Slapshot by Miro Heiskanen.
9:32 of 3rd period - Shot Blocked by Barrett Hayton.
9:36 of 3rd period - Backhand shot by David Krejci.
9:36 of 3rd period - Shot Misses the Net.
10:17 of 3rd period - Minor Penalty to David Perron for Roughing.
10:18 of 3rd period - Joel Eriksson Ek wins face-off versus Anders Lee in Islanders zone.
10:28 of 3rd period - Wrist shot by Brock Nelson.
10:28 of 3rd period - Goal by Brock Nelson - Islanders : 5 - Stars : 2.
10:29 of 3rd period - Jesper Bratt wins face-off versus David Krejci in neutral zone.
10:52 of 3rd period - Slapshot by Bowen Byram.
10:52 of 3rd period - Shot Blocked by Alex Killorn.
11:00 of 3rd period - Snap shot by Brock Nelson.
11:00 of 3rd period - Stopped by Cam Talbot with a rebound.
11:12 of 3rd period - Jesper Bratt is hit by Connor Brown and loses puck.
11:39 of 3rd period - Patrik Nemeth is hit by Owen Tippett and loses puck.
12:17 of 3rd period - Penalty to David Perron is over, David Perron is back on ice.
12:24 of 3rd period - Snap shot by Alex Killorn.
12:24 of 3rd period - Shot Misses the Net.
12:43 of 3rd period - Slapshot by Henri Jokiharju.
12:43 of 3rd period - Deflect By Joe Thornton.
12:43 of 3rd period - Goal by Joe Thornton - Islanders : 5 - Stars : 3.
12:44 of 3rd period - David Krejci wins face-off versus Clayton Keller in neutral zone.
12:59 of 3rd period - Brian Dumoulin is hit by Jacob Trouba.
13:09 of 3rd period - Miro Heiskanen is hit by Brock Nelson and loses puck.
13:35 of 3rd period - Wrist shot by Chandler Stephenson.
13:35 of 3rd period - Stopped by Cam Talbot with a rebound.
13:49 of 3rd period - Colby Barlow is hit by Jesper Bratt and loses puck.
13:58 of 3rd period - Wrist shot by Marcus Foligno.
13:58 of 3rd period - Stopped by Karel Vejmelka without a rebound.
13:59 of 3rd period - David Krejci wins face-off versus Brock Nelson in Islanders zone.
14:16 of 3rd period - Andy Greene is hit by Brock Nelson.
14:36 of 3rd period - Off-side.
14:37 of 3rd period - Marcus Foligno wins face-off versus Clayton Keller in neutral zone.
14:52 of 3rd period - Wrist shot by Marcus Foligno.
14:52 of 3rd period - Deflect By Luke Kunin.
14:52 of 3rd period - Stopped by Karel Vejmelka without a rebound.
14:53 of 3rd period - David Krejci wins face-off versus Nick Schmaltz in Islanders zone.
15:44 of 3rd period - Slapshot by Joel Eriksson Ek.
15:44 of 3rd period - Deflect By Oliver Bjorkstrand.
15:44 of 3rd period - Shot Blocked by Bowen Byram.
15:44 of 3rd period - Puck is out of play.
15:45 of 3rd period - Barrett Hayton wins face-off versus Joel Eriksson Ek in Islanders zone.
16:10 of 3rd period - Joel Eriksson Ek is hit by Bowen Byram and loses puck.
16:31 of 3rd period - Wrist shot by Joel Eriksson Ek.
16:31 of 3rd period - Stopped by Karel Vejmelka without a rebound.
16:32 of 3rd period - Nick Schmaltz wins face-off versus Marcus Foligno in Islanders zone.
16:32 of 3rd period - Nick Schmaltz is hit by Marcus Foligno.
16:48 of 3rd period - Wrist shot by Chandler Stephenson.
16:48 of 3rd period - Stopped by Cam Talbot with a rebound.
17:42 of 3rd period - Snap shot by Oliver Bjorkstrand.
17:42 of 3rd period - Stopped by Karel Vejmelka with a rebound.
17:56 of 3rd period - Snap shot by David Perron.
17:56 of 3rd period - Shot Misses the Net.
18:02 of 3rd period - Snap shot by Boone Jenner.
18:02 of 3rd period - Shot Misses the Net.
18:10 of 3rd period - Wrist shot by Boone Jenner.
18:10 of 3rd period - Stopped by Cam Talbot with a rebound.
18:12 of 3rd period - Slapshot by Patrik Nemeth.
18:12 of 3rd period - Deflect By David Perron.
18:12 of 3rd period - Shot Misses the Net.
18:12 of 3rd period - Puck is out of play.
18:13 of 3rd period - Nick Schmaltz wins face-off versus Marcus Foligno in Stars zone.
18:14 of 3rd period - Snap shot by Chandler Stephenson.
18:14 of 3rd period - Stopped by Cam Talbot with a rebound.
18:16 of 3rd period - Snap shot by Dysin Mayo.
18:16 of 3rd period - Shot Blocked by Colby Barlow.
18:18 of 3rd period - Minor Penalty to Luke Kunin for Hooking.
18:19 of 3rd period - Alex Killorn wins face-off versus Clayton Keller in Stars zone.
18:19 of 3rd period - Andy Greene is hit by Jacob Trouba and loses puck.
18:34 of 3rd period - Snap shot by Clayton Keller.
18:34 of 3rd period - Stopped by Cam Talbot with a rebound.
18:44 of 3rd period - Brady Skjei is hit by Connor Brown and loses puck.
Goals for this period are 2 for Islanders vs 2 for Stars.
Shots for this period are 11 for Islanders vs 10 for Stars.